 Dungeon Crawl Stone Soup version 0.26-a0-597-gb535b0901c (webtiles) character file.

Game seed: 9987923867521845410

4 MrRokkomies the Vexing (level 1, 0/7 HPs)
             Began as a Felid Enchanter on Aug 27, 2020.
             Slain by a bat (1 damage)
             ... on level 1 of the Dungeon.
             The game lasted 00:00:43 (387 turns).

MrRokkomies the Vexing (Felid Enchanter)             Turns: 387, Time: 00:00:43

Health: 0/7        AC:  1    Str:  4    XL:     1   Next: 58%
Magic:  4/4        EV: 18    Int: 16    God:
Gold:   5          SH:  0    Dex: 16    Spells: 3/4 levels left
                                        Lives:  0   Deaths: 0

rFire    . . .     SeeInvis +     - Unarmed
rCold    . . .     Faith    .   (shield unavailable)
rNeg     . . .     Spirit   .   (armour unavailable)
rPois    .         Reflect  .   (helmet unavailable)
rElec    .         Harm     .   (cloak unavailable)
rCorr    .                      (gloves unavailable)
MR       .....                  (boots unavailable)
Stlth    +++.......             (no amulet)
HPRegen  0.02/turn              (no ring)
MPRegen  0.09/turn              (no ring)

@: quick
A: very small, no armour, no weapons or thrown items, stealth, claws 1, fangs 3,
see invisible, speed 1, shaggy fur 1, sharp paws
a: no special abilities


You were on level 1 of the Dungeon.
You visited 1 branch of the dungeon, and saw 1 of its levels.

You collected 5 gold pieces.

Inventory:

Potions
 a - a potion of curing {unknown}


   Skills:
 + Level 2.7 Dodging
 + Level 4.0 Stealth
 * Level 1.2 Unarmed Combat
 - Level 2.0 Spellcasting
 * Level 4.6 Hexes


You had 3 spell levels left.
You knew the following spells:

 Your Spells              Type           Power        Failure   Level
a - Corona                Hex            ###....      3%          1

Your spell library contained the following spells:

 Spells                   Type           Power        Failure   Level
 Confusing Touch          Hex            ###.....     10%         3
 Tukima's Dance           Hex            ###.....     10%         3
 Ensorcelled Hibernation  Hex/Ice        #.....       12%         2
 Dazzling Flash           Conj/Hex       #.....       24%         3


Dungeon Overview and Level Annotations

Branches:
Dungeon (1/15)

Altars:


Innate Abilities, Weirdness & Mutations

You cannot wear armour.
You are incapable of wielding weapons or throwing items.
Your paws allow you to move quietly. (Stealth)
You have sharp claws.
You have razor-sharp teeth.
You have supernaturally acute eyesight. (SInv)
You cover ground quickly.
You are covered in fur. (AC +1)
Your sharp claws are effective at attacking unaware monsters.


Message History

The bat hits you. x2
* * * LOW HITPOINT WARNING * * *
The bat hits you but does no damage. The bat completely misses you.
The bat closely misses you.
The bat barely misses you. x2; The bat hits you but does no damage.
The bat completely misses you. The bat barely misses you.
The bat completely misses you. The bat closely misses you.
You closely miss the bat. The bat misses you. The bat completely misses you.
You scratch the bat but do no damage. The bat closely misses you.
The bat misses you.
You scratch the bat but do no damage. The bat hits you but does no damage.
You barely miss the bat. Your bite misses the bat. The bat barely misses you.
The bat closely misses you.
You scratch the bat but do no damage.
You hear a shout!
The bat hits you.
* * * LOW HITPOINT WARNING * * *
You miss the bat. The bat hits you but does no damage. The bat hits you.
You die...

#.. #.#.#.8.8.## ##### #...
#.#.#.....# # #...
#...############# #
###...######.......#.#.....#
#
....>......#.........#.....#
#
.............bb#g..........#
#
.....(.....##.###..###..(..#
#.#....#####b## ##.# #.....#
#.... ##@###..# #########
....... ##.#)### #......
#...... ##.## #.####.
....... #.########.####.
##.#... #..........##...
...... #####......##.#.
#.........#. #..รท........
#.....######


You could see a bat.

Vanquished Creatures
  2 goblins (D:1)
  A frilled lizard (D:1)
  2 rats (D:1)
5 creatures vanquished.

Notes
Turn   | Place    | Note
-------+----------+-------------------------------------------
     0 | D:1      | MrRokkomies the Felid Enchanter began the quest for the
                  | Orb.
     0 | D:1      | Reached XP level 1. HP: 7/7 MP: 4/4
   387 | D:1      | Slain by a bat

Illustrated notes

Levels and vault maps discovered:
D:1:      ncdulo_halloftheorcs, layout_loops_cross, roderic_serpentine_path

Action                   || total
-------------------------++-------
Melee: Unarmed           ||    23
       Bite              ||     1
 Stab: Sleeping          ||     3
Armor: Skin              ||     4
Dodge: Dodged            ||    34

Table legend: (Time is in decaauts)
 A = Elapsed time spent in this place.
 B = Non-inter-level travel time spent in this place.
 C = Inter-level travel time spent in this place.
 D = Time resting spent in this place.
 E = Time spent auto-exploring this place.
 F = Levels seen in this place.
 G = Mean time per level.
                   A        B        C        D        E       F      G
               +--------+--------+--------+--------+--------+-----+--------+
         Total |    346 |    346 |      0 |    146 |    113 |   1 |  346.0 |
       Dungeon |    346 |    346 |      0 |    146 |    113 |   1 |  346.0 |
               +--------+--------+--------+--------+--------+-----+--------+

Top non-repeatable levels by time:
     D:1: 346 daAuts
